 Dungeon Crawl Stone Soup version 0.28-a0-472-g50180c0d78 (webtiles) character file.

Game seed: 13619135851076358327

1225 Dabor the Sneak (level 8, -2/39 HPs)
             Began as a Spriggan Venom Mage on Sept 15, 2021.
             Was a Follower of Sif Muna.
             Shot with an arrow by a centaur (13 damage)
             ... on level 6 of the Dungeon.
             The game lasted 00:38:40 (8822 turns).

Dabor the Sneak (Spriggan Venom Mage)               Turns: 8822, Time: 00:38:41

Health: -2/39      AC:  2    Str:  2 (4)  XL:     8   Next: 23%
Magic:  12/16      EV: 18    Int: 18 (19) God:    Sif Muna [*.....]
Gold:   325        SH:  5    Dex: 15      Spells: 14/17 levels left

rFire   . . .      SeeInvis +   k - +3 dagger (speed)
rCold   . . .      Faith    .   n - +0 buckler
rNeg    . . .      Spirit   .   a - +0 robe
rPois   .          Reflect  .   (helmet restricted)
rElec   .          Harm     .   (no cloak)
rCorr   .          Rampage  .   (gloves unavailable)
Will    +....                   (boots unavailable)
Stlth   +++.......              (no amulet)
HPRegen 0.13/turn               (no ring)
MPRegen 0.15/turn               (no ring)

@: very quick
A: very small, no large weapons, unfitting armour, see invisible, speed 3
a: Renounce Religion, Channel Magic


You were on level 6 of the Dungeon.
You worshipped Sif Muna.
Sif Muna was aware of your devotion.
You visited 2 branches of the dungeon, and saw 7 of its levels.
You also visited: Ossuary.

You collected 325 gold pieces.

Inventory:

Hand Weapons
 h - a +2 mace of holy wrath
 k - a +3 dagger of speed (weapon)
Missiles
 c - 33 poisoned darts
Armour
 a - a +0 robe (worn)
 n - a +0 buckler (worn)
Jewellery
 m - a ring of wizardry
Wands
 j - a wand of iceblast (9)
 q - a wand of acid (8)
Scrolls
 e - 3 scrolls of identify
 f - 2 scrolls of teleportation
Potions
 b - 4 potions of degeneration
 d - a potion of brilliance
 g - a potion of haste {unknown}
 i - 2 potions of flight
 l - 2 potions of heal wounds {unknown}
 o - 2 potions of lignification {unknown}
 p - a potion of cancellation {unknown}


   Skills:
 + Level 2.9 Fighting
 + Level 2.6 Short Blades
 + Level 5.5 Dodging
 + Level 6.7 Stealth
 + Level 5.3 Spellcasting
 + Level 5.2 Transmutations
 + Level 4.9 Poison Magic


You had 14 spell levels left.
You knew the following spells:

 Your Spells              Type           Power      Damage    Failure   Level
a - Sting                 Tmut/Pois      92%        1d7       2%          1
b - Poisonous Vapours     Pois/Air       26%        N/A       12%         2

Your spell library contained the following spells:

 Spells                   Type           Power      Damage    Failure   Level
 Foxfire                  Conj/Fire      16%        2x1d4     22%         1
 Olgreb's Toxic Radiance  Pois           22%        N/A       28%         4
 Corpse Rot               Necr/Air       N/A        N/A       32%         2
 Mephitic Cloud           Conj/Pois/Air  10%        N/A       32%         3
 Conjure Flame            Conj/Fire      4%         6-21      54%         3
 Inner Flame              Hex/Fire       4%         N/A       54%         3
 Ozocubu's Armour         Ice            4%         N/A       54%         3
 Flame Wave               Conj/Fire      4%         3d3       91%         4
 Ozocubu's Refrigeration  Ice            2%         4d5       100%        7


Dungeon Overview and Level Annotations

Branches:
Dungeon (6/15)             Temple (1/1) D:4         Ossuary (visited)

Altars:
Cheibriados
Hepliaklqana
Kikubaaqudgha
Makhleb
Okawaru
Qazlal
Ru
Sif Muna
Trog
Uskayaw
Vehumet
Wu Jian
Yredelemnul

Annotations:
D:3 Sigmund
D:6 Menkaure


Innate Abilities, Weirdness & Mutations

You are very small and have problems with some larger weapons.
You are too small for most types of armour.
You have supernaturally acute eyesight. (SInv)
You cover ground extremely quickly. (Speed+++)


Message History

There is a stone staircase leading up here.
Found a pair of boots.
A white imp comes into view.
Found 13 gold pieces.
Found a scroll of identify.
The sting hits the white imp.
The white imp partially resists.
The white imp is poisoned.
The white imp is moderately wounded.
The white imp shouts, "Get thee hence, thou gorbellied fat-kidneyed pot-faker!"
You hear a shout!
The white imp shouts, "Remove thy stench, thou defiled crook-pated crunchlet!"
The sting hits the white imp but does no damage.
The white imp looks even sicker.
The white imp is moderately wounded.
A centaur comes into view.
You kill the white imp!
Sif Muna accepts your kill.
You can now call upon Sif Muna for magical energy.
The centaur wields a +0 shortbow.
The centaur shoots an arrow.
The arrow hits you!!
The centaur shoots an arrow.
The arrow hits you.
You hear a shout!
Menkaure, Prince of Dust comes into view.
Menkaure shouts!
The sting hits the centaur.
The centaur is poisoned.
The centaur is lightly wounded.
The centaur shoots an arrow.
You block the arrow.
The sting misses the centaur.
The centaur shoots an arrow.
The arrow misses you.
The sting misses the centaur.
The centaur unwields a +0 shortbow.
The centaur misses you. The centaur closely misses you.
Menkaure calls on the powers of darkness!
The centaur convulses!
Your body is wracked with pain!
* * * LOW HITPOINT WARNING * * *
The centaur wields a +0 shortbow.
The centaur shoots an arrow.
The arrow closely misses you.
Okay, then.
Okay, then.
The centaur shoots an arrow.
The arrow hits you!
You die...

#.........
#...##
#.#######.
#....## ##.#
#.....# #..# ..
. #....?#
#.####....
..##.....#
#........#
..M......#
##.#######
.....$...###..#
......c..@..[##
.........#####
...........
......##...#
...... 8...8#
...... #...##
..... #...#
#.... #...#


You could see Menkaure and a centaur (poisoned).

Vanquished Creatures
  4 ice beasts
  A necrophage (D:4)
  A phantom (D:5)
  A scorpion (D:5)
  2 water moccasin zombies (Ossuary)
  A bullfrog zombie (D:5)
  5 hounds
  Jessica (D:1)
  2 iguanas (D:4)
  3 mummies
  8 gnolls
  2 adders (D:4)
  2 white imps
  2 adder zombies (Ossuary)
  2 worms (D:2)
  2 dart slugs
  9 orcs
  5 ball pythons
  7 endoplasms
  A giant cockroach (D:1)
  5 gnoll zombies (Ossuary)
  5 goblins
  9 hobgoblins
  9 jackals
  2 quokkas
  3 bats (D:1)
  5 frilled lizards
  6 hobgoblin zombies (Ossuary)
  3 kobolds
  5 kobold zombies (Ossuary)
  3 orc zombies (Ossuary)
  6 rats
122 creatures vanquished.

Notes
Turn   | Place    | Note
-------+----------+-------------------------------------------
     0 | D:1      | Dabor the Spriggan Venom Mage began the quest for the Orb.
     0 | D:1      | Reached XP level 1. HP: 9/9 MP: 5/5
   486 | D:1      | Reached XP level 2. HP: 13/13 MP: 3/6
   529 | D:1      | Learned a level 2 spell: Poisonous Vapours
  1452 | D:1      | Found a faded altar of an unknown god.
  1721 | D:2      | Reached XP level 3. HP: 15/17 MP: 3/8
  1772 | D:2      | Noticed Jessica
  2054 | D:1      | Killed Jessica
  2055 | D:1      | Reached skill level 1 in Fighting
  2351 | D:2      | Reached skill level 4 in Stealth
  2355 | D:2      | Reached XP level 4. HP: 22/22 MP: 0/9
  3086 | D:3      | Noticed Sigmund
  3268 | D:4      | Found a transporter.
  3270 | D:4      | Noticed an ice beast
  3270 | D:4      | Noticed an ice beast
  3270 | D:4      | Noticed an ice beast
  3290 | D:4      | Noticed a necrophage
  3389 | D:4      | Found a sand-covered staircase.
  3427 | Ossuary  | Entered an ossuary
  3879 | Ossuary  | Reached XP level 5. HP: 19/25 MP: 11/11
  4746 | Ossuary  | Reached XP level 6. HP: 20/30 MP: 4/13
  4874 | D:4      | Reached skill level 5 in Stealth
  5185 | D:4      | Found a staircase to the Ecumenical Temple.
  5212 | Temple   | Entered the Ecumenical Temple
  5336 | Temple   | Became a worshipper of Sif Muna the Loreminder
  5618 | D:4      | Found a transporter.
  5829 | D:4      | Reached XP level 7. HP: 35/35 MP: 14/14
  6147 | D:4      | Reached skill level 1 in Short Blades
  6448 | D:4      | Reached skill level 5 in Dodging
  6448 | D:4      | Reached skill level 6 in Stealth
  7154 | D:5      | Entered Level 5 of the Dungeon
  7332 | D:5      | Found a stormy altar of Qazlal.
  7627 | D:5      | Reached skill level 5 in Spellcasting
  7627 | D:5      | Reached XP level 8. HP: 20/39 MP: 11/16
  7901 | D:5      | Reached skill level 5 in Transmutations
  7903 | D:5      | Reached * piety under Sif Muna
  8817 | D:6      | Noticed Menkaure
  8822 | D:6      | Shot with an arrow by a centaur

Illustrated notes

Levels and vault maps discovered:
D:1:      amcnicky_arrival_choice, layout_loops_corners,
          ebering_ecumenical_altar_rust
D:2:      minmay_spotlight, layout_rooms, serial_rivers,
          chequers_serial_rivers_micro_c, chequers_serial_rivers_large_a,
          chequers_serial_rivers_large_b, chequers_serial_rivers_room_b,
          minmay_misc_feat_more_columns, minmay_misc_feat_diagonals,
          uniq_jessica
D:3:      layout_rooms, nicolae_overflow_hidden_temple, old_standard_altar,
          grunt_dithmenos_smoke, serial_shops, shop, uniq_sigmund, uniq_robin
D:4:      gammafunk_cloud_chamber, layout_cave_pods,
          minmay_temple_entry_overgrown, gup_ossuary_entry_pyramid
D:5:      layout_gridville, nicolae_qazlal_eye_of_the_storm,
          cheibrodos_gnoll_hut
D:6:      layout_rooms, zin_academy, serial_corexii_hall,
          chequers_hall_statues_y, corexii_hall_statues_s,
          chequers_hall_statues_y, corexii_hall_statues_x,
          corexii_hall_statues_i, corexii_hall_statues_l, minmay_misc_feat_tiny,
          uniq_grinder, uniq_pikel, uniq_menkaure
Temple:   minmay_temple_bridge_abc

Skill      XL: |  1  2  3  4  5  6  7  8 |
---------------+-------------------------+-----
Dodging        | 3 4 5 |  5.5
Spellcasting   | 3 4 5 |  5.3
Transmutations | 2 3 4 5 |  5.2
Fighting       | 1 2 |  2.9
Stealth        | 4 5 6 |  6.7
Poison Magic   | 4 |  4.9
Short Blades   | 2 |  2.6

Action                   |  1- 3 |  4- 6 |  7- 9 || total
-------------------------+-------+-------+-------++-------
Melee: Unarmed           |    20 |       |       ||    20
       Dagger            |       |   244 |    75 ||   319
       Mace              |       |     7 |       ||     7
 Cast: Sting             |    58 |   116 |    75 ||   249
       Poisonous Vapours |    16 |     5 |     8 ||    29
  Use: Scroll            |     1 |     7 |       ||     8
       Potion            |       |       |     6 ||     6
 Stab: Sleeping          |       |     4 |     1 ||     5
Armor: Robe              |     1 |    12 |     6 ||    19
Dodge: Dodged            |    44 |   138 |    56 ||   238
Block: Buckler           |       |     2 |    23 ||    25

Table legend: (Time is in decaauts)
 A = Elapsed time spent in this place.
 B = Non-inter-level travel time spent in this place.
 C = Inter-level travel time spent in this place.
 D = Time resting spent in this place.
 E = Time spent auto-exploring this place.
 F = Levels seen in this place.
 G = Mean time per level.
                   A        B        C        D        E       F      G
               +--------+--------+--------+--------+--------+-----+--------+
         Total |   7201 |   7077 |    124 |   2558 |   2770 |   8 |  900.1 |
       Dungeon |   5763 |   5640 |    123 |   1518 |   2681 |   6 |  960.5 |
        Temple |    120 |    119 |      1 |      0 |     89 |   1 |  120.0 |
       Ossuary |   1317 |   1317 |      0 |   1040 |      0 |   1 | 1317.0 |
               +--------+--------+--------+--------+--------+-----+--------+

Top non-repeatable levels by time:
     D:4: 2024 daAuts
     D:1: 1582 daAuts
 Ossuary: 1317 daAuts
     D:5: 1259 daAuts
     D:2: 864 daAuts
  Temple: 120 daAuts
     D:6: 19 daAuts
     D:3: 14 daAuts
